[Event "32nd NATO Championship 2022"]
[Site "Tartu"]
[Date "2022.06.29"]
[Round "4.3"]
[White "Papasimakopoulos, Alexandros"]
[Black "Pedersen, Finn"]
[Result "1-0"]
[ECO "A11"]
[WhiteElo "2259"]
[BlackElo "2300"]
[Annotator "TA"]
[PlyCount "87"]
[EventDate "2022.06.27"]
[EventType "swiss"]
[EventCountry "EST"]
[SourceTitle "playchess.com"]
[Source "ChessBase"]
[SourceQuality "1"]
[TimeControl "5400+30"]

1. c4 c6 2. Qa4 Nf6 3. Nf3 e6 4. d4 d5 5. Bg5 Nbd7 6. Nbd2 {[%emt 0:02:07] [#] A11: English Opening: 1...c6.} h6 $146 ({Predecessor:} 6... Bd6 7. g3 O-O 8. Bg2 Qc7 9. O-O Ne4 10. Be3 c5 11. cxd5 exd5 12. dxc5 Bxc5 {½-½ (66) Romero Sanchez,Y-Foschiatti,Z Rio Grande 2018}) 7. Bh4 Nb6 8. Qc2 {[%emt 0:00:27] The position is equal.} Nxc4 9. Nxc4 dxc4 10. Bxf6 Bb4+ (10... Qxf6 11. Qxc4 Bd6 12. e3 $11) 11. Kd1 Qxf6 12. Qxc4 a5 13. e3 O-O 14. Bd3 Bd6 15. Ke2 e5 16. dxe5 Bxe5 17. Nxe5 Qxe5 18. Qc3 Qh5+ ({Black should try} 18... Qg5 $15) 19. f3 $11 Re8 {[%emt 0:00:56] Threatens to win with ...Qg5.} 20. Kf2 Be6 (20... Qg5 $5 ) 21. a3 a4 22. Bc2 {[%emt 0:01:35] Against Bb3} Rad8 23. h4 Bb3 24. g4 Qb5 25. Bxb3 axb3 26. Rad1 {[%emt 0:01:00] Inhibits Rd3.} Rd5 27. Rxd5 Qxd5 {[%emt 0:00:28][%mdl 4096] Endgame KQR-KQR} 28. e4 Qe6 29. Rd1 {[%emt 0:00:54] Prevents Rd8.} h5 30. gxh5 Qh3 (30... Kh8 $14) 31. Rg1 $40 {[%emt 0:02:12][%csl Gg1][%cal Rc3g7][%mdl 128] White wants a kill.} (31. Qxb3 $6 Rxe4 32. Rd8+ Kh7 $11) 31... Qh2+ 32. Rg2 {[%emt 0:01:20][%csl Gg2][%cal Rc3g7] Dancing on a razor blade.} Qxh4+ $2 {[%emt 0:01:01] [#] This costs Black the game.} (32... Qe5 $16 {keeps fighting.}) 33. Ke2 $1 $18 ({Stronger than} 33. Kg1 f6 $11) 33... f6 34. Qxb3+ Kh8 (34... Kf8 $142 35. Qb4+ (35. Qxb7 Rxe4+ 36. Kd3 Re7 $16) 35... Re7 36. Rxg7 Kxg7 37. Qxe7+ Kh6 38. Qxb7 Qh2+ 39. Kd3 Qxh5 40. Qxc6 Qxf3+ 41. Kc4 Qf1+ 42. Kb3 Qd1+ 43. Ka2 Kg7) 35. Qxb7 $2 (35. Qf7 Rg8 36. h6) 35... Rxe4+ $2 {[%emt 0:01:03] [#]} (35... Rg8 36. h6 (36. Qxc6 Qh3 $16) 36... gxh6 37. Rxg8+ Kxg8 38. Qc8+ Kf7) 36. Kd3 $1 ({Inferior is} 36. fxe4 Qxe4+ 37. Kd1 Qxg2 $14) 36... Rd4+ 37. Kc2 {[%emt 0:01:33][%csl Gg2][%cal Rb7g7] White mates.} Rd7 38. Qc8+ Kh7 39. Qxd7 Qc4+ 40. Kd2 Qf4+ 41. Ke2 Qe5+ 42. Kf1 Qb5+ 43. Kg1 Qc5+ 44. Kh1 {[%emt 0:00:07] Weighted Error Value: White=0.23 (precise) /Black=0.37} 1-0

[Event "32nd NATO Championship 2022"]
[Site "Tartu"]
[Date "2022.06.29"]
[Round "4.8"]
[White "Nikomanis, Andreas"]
[Black "Graczyk, Damian"]
[Result "1/2-1/2"]
[ECO "B01"]
[WhiteElo "2068"]
[BlackElo "2151"]
[Annotator "RC"]
[PlyCount "150"]
[EventDate "2022.06.27"]
[EventType "swiss"]
[EventCountry "EST"]
[SourceTitle "playchess.com"]
[Source "ChessBase"]
[SourceQuality "1"]
[TimeControl "5400+30"]

1. e4 d5 2. exd5 Qxd5 3. Nc3 Qd8 4. d4 Nf6 5. Nf3 Bg4 6. h3 Bxf3 7. Qxf3 c6 8. Be3 e6 9. Bd3 Nd5 10. O-O Nxc3 11. bxc3 Qd5 12. Qg3 Nd7 13. c4 Qd6 14. Qf3 Nf6 15. Rab1 Qd7 16. d5 exd5 17. cxd5 Nxd5 18. Bd4 f6 19. Rfe1+ Ne7 20. Bc5 b6 21. Bxe7 Bxe7 22. Rbd1 Qc7 23. Qh5+ Kf8 24. Re4 Rd8 25. Rde1 Rd7 26. Bc4 g6 27. Qe2 Bc5 28. Qf3 Kg7 29. Re6 Rf8 30. Rxc6 Qd8 31. Bd3 Rd6 32. h4 Rxc6 33. Qxc6 Qd4 34. Re2 Qxh4 35. a4 a5 36. Bb5 Qf4 37. Qd5 h5 38. Bc4 h4 39. Qd7+ Kh6 40. Qd2 Qxd2 41. Rxd2 Re8 42. Kf1 Kg5 43. Rd5+ f5 44. Bd3 Bb4 45. Be2 Re4 46. Rd1 Bc3 47. Bb5 Rb4 48. Ke2 Re4+ 49. Kd3 Rd4+ 50. Ke2 Rxd1 51. Kxd1 Kf4 52. Ke2 Bd4 53. Bc6 g5 54. Bb7 g4 55. Bc6 Bc5 56. Bb7 g3 57. fxg3+ Kxg3 58. c4 f4 59. Bf3 h3 60. gxh3 Kxh3 61. Bd5 Kg3 62. Bf3 Kh4 63. Bd5 Kg5 64. Kf3 Kf5 65. Bc6 Ke5 66. Be8 Be3 67. Bd7 Kd4 68. Bb5 Kc5 69. Ke4 Kb4 70. Kf3 Bc1 71. Ke4 Kc5 72. Kf3 Kd4 73. Ba6 Kc5 74. Bb5 Kd4 75. Ba6 Ke5 1/2-1/2

[Event "32nd NATO Championship 2022"]
[Site "Tartu"]
[Date "2022.06.29"]
[Round "4.23"]
[White "Heran-Boily, Samuel"]
[Black "Flaata, Alexander R."]
[Result "0-1"]
[ECO "B30"]
[WhiteElo "1871"]
[BlackElo "2033"]
[Annotator "RC"]
[PlyCount "100"]
[EventDate "2022.06.27"]
[EventType "swiss"]
[EventCountry "EST"]
[SourceTitle "playchess.com"]
[Source "ChessBase"]
[SourceQuality "1"]
[TimeControl "5400+30"]

1. e4 c5 2. Nf3 Nc6 3. Bc4 e6 4. O-O d5 5. exd5 exd5 6. Re1+ Be7 7. Bb3 Nf6 8. c3 Bg4 9. h3 Bh5 10. d3 O-O 11. Nbd2 Bg6 12. Nf1 b5 13. Bg5 c4 14. Bc2 Qc7 15. Ng3 Rfe8 16. d4 b4 17. Ba4 Red8 18. Bxc6 Rab8 19. Ba4 bxc3 20. bxc3 Ba3 21. Ne5 Bb2 22. Nxg6 hxg6 23. Rb1 Bxc3 24. Rxb8 Rxb8 25. Bxf6 Bxe1 26. Be5 Bxf2+ 27. Kxf2 Rb2+ 28. Kg1 Qa5 29. Bc6 c3 30. Qf3 c2 31. Ne2 Qe1+ 32. Kh2 Qxe2 33. Qxe2 c1=Q 34. Qa6 Rb1 35. Bxd5 Qg1+ 36. Kg3 Qe1+ 37. Kg4 Kh7 38. Qxa7 g5 39. Bg3 f5+ 40. Kxf5 Qxg3 41. Qa8 Qf4+ 42. Ke6 Rb6+ 43. Bc6 Qe4+ 44. Kd6 Qxd4+ 45. Kc7 Rb4 46. Qf8 Qa7+ 47. Kd6 Rd4+ 48. Ke5 Rf4 49. Qe8 Qd4+ 50. Ke6 Rf6+ 0-1

[Event "32nd NATO Championship 2022"]
[Site "Tartu"]
[Date "2022.06.29"]
[Round "4.27"]
[White "Windey, Luc"]
[Black "Wagenaar, Harm Theo"]
[Result "1/2-1/2"]
[ECO "D02"]
[WhiteElo "1635"]
[BlackElo "1893"]
[Annotator "NA RC"]
[PlyCount "43"]
[EventDate "2022.06.27"]
[EventType "swiss"]
[EventCountry "EST"]
[SourceTitle "playchess.com"]
[Source "ChessBase"]
[SourceQuality "1"]
[TimeControl "5400+30"]

1. d4 d5 2. Nf3 Nf6 3. Bf4 c5 4. e3 Nc6 5. c3 Qb6 6. Qb3 c4 7. Qxb6 axb6 8. Nbd2 b5 9. Be2 b4 10. O-O bxc3 11. bxc3 Ra3 12. Rfc1 e6 13. Ne5 Be7 14. Bf3 Nxe5 15. dxe5 Nd7 16. e4 dxe4 17. Bxe4 (17. Nxe4 $11 O-O 18. Rab1) 17... Nc5 18. Be3 Nxe4 19. Nxe4 O-O (19... Bd7 $1 $15) 20. Nd6 Bxd6 21. exd6 Bd7 22. Bc5 $11 1/2-1/2

[Event "32nd NATO Championship 2022"]
[Site "Tartu"]
[Date "2022.06.29"]
[Round "4.29"]
[White "Wendler, Edward"]
[Black "Smit, Jan"]
[Result "1-0"]
[ECO "B08"]
[WhiteElo "1839"]
[BlackElo "1741"]
[Annotator "NA RC"]
[PlyCount "81"]
[EventDate "2022.06.27"]
[EventType "swiss"]
[EventCountry "EST"]
[SourceTitle "playchess.com"]
[Source "ChessBase"]
[SourceQuality "1"]
[TimeControl "5400+30"]

1. e4 g6 2. d4 Bg7 3. Nf3 d6 4. Bc4 Nf6 5. Nc3 c6 6. Bb3 b5 7. a3 a5 8. O-O O-O 9. h3 Qc7 10. e5 Nd5 11. Nxd5 cxd5 12. Bxd5 Ra7 13. Bf4 Nc6 14. exd6 exd6 15. Re1 Be6 (15... Ne7 $16 {was called for.}) 16. Bxe6 fxe6 17. Bg3 e5 18. dxe5 dxe5 (18... Nxe5 $142 19. Nxe5 dxe5 20. Qd5+ Qf7 21. Qxb5 Rb7 22. Qxa5 Rxb2) 19. Qd5+ Kh8 20. Nxe5 ({But not} 20. Qxb5 Rb7 21. Qc5 Qb6 $18) 20... Bxe5 $2 (20... Nxe5 {keeps fighting.} 21. Bxe5 Qxc2) 21. Bxe5+ (21. Rxe5 $142 Qd7 22. Qc5 (22. Qxb5 Nxe5 23. Bxe5+ Kg8 $16)) 21... Nxe5 22. Qxe5+ Kg8 23. Qxb5 Qxc2 24. Re2 Qf5 25. Qc4+ Rff7 26. Rae1 Rac7 27. Re8+ Kg7 28. Qd4+ Qf6 29. Qxf6+ Kxf6 30. R1e2 a4 31. R8e4 Ra7 32. Rf4+ Kg7 33. Rxf7+ Kxf7 34. Re4 Kf6 35. f3 h5 36. h4 Kf5 37. Kh2 Ra5 38. Kg3 Kf6 39. Kf4 g5+ 40. hxg5+ $18 Rxg5 41. Re6+ 1-0

[Event "32nd NATO Championship 2022"]
[Site "Tartu"]
[Date "2022.06.29"]
[Round "4.31"]
[White "Coulon, Dominic"]
[Black "Kocur, Marc"]
[Result "0-1"]
[ECO "A40"]
[WhiteElo "1701"]
[BlackElo "1829"]
[Annotator "NA RC"]
[PlyCount "94"]
[EventDate "2022.06.27"]
[EventType "swiss"]
[EventCountry "EST"]
[SourceTitle "playchess.com"]
[Source "ChessBase"]
[SourceQuality "1"]
[TimeControl "5400+30"]

1. d4 Nc6 2. e4 e5 3. d5 Nce7 4. c4 Ng6 5. Nc3 Bb4 6. Nge2 Nf6 7. f3 O-O 8. Be3 d6 9. Qc2 a6 (9... Nd7 $11 {is more appropriate.}) 10. g3 Bd7 (10... c6 $11) 11. Nc1 (11. a3 $14 {deserves consideration.} Bc5 12. Bxc5 dxc5 13. b3) 11... Bc5 (11... c6 $11) 12. Bg5 (12. Bxc5 $16 dxc5 13. Nd3) 12... h6 13. Bd2 Qe8 14. Nd3 (14. Nb3 $5 ) 14... Ba7 $1 15. Bg2 c6 ({Black should try} 15... b5 $15) 16. Ke2 Nh5 17. Raf1 (17. dxc6 $15 bxc6 18. c5) 17... f5 18. Kd1 Nf6 (18... cxd5 $17 19. cxd5 (19. Nxd5 Rc8 $17) 19... Rc8) 19. h4 {[%emt 0:01:55] [#]} Nh5 (19... cxd5 $1 $19 20. cxd5 Bd4) 20. Be1 Qe7 21. Qe2 (21. Kc1 $17 {was necessary.}) 21... f4 22. g4 Ng3 23. Bxg3 fxg3 24. h5 Nf4 25. Nxf4 exf4 26. Kc2 b5 27. Rd1 b4 ({Black should try} 27... Qe5 $19 28. dxc6 Bxc6) 28. dxc6 bxc3 29. cxd7 cxb2 30. Rd5 Qxd7 31. Qd3 (31. Kb1 $17) 31... Bc5 32. Kb1 Qe7 ({Black should play} 32... Qc7 33. g5 Rae8 34. gxh6 gxh6) 33. Re1 Rab8 $17 34. Re2 Rb6 35. e5 Qc7 36. e6 Qe7 37. Rf5 Rxf5 38. Qxf5 Be3 39. Qd5 Kh8 40. Rc2 Rb8 41. Bf1 Re8 42. Rxb2 Qh4 43. Qc6 Rg8 44. Bd3 Qh1+ 45. Kc2 Qc1+ 46. Kb3 Rb8+ 47. Ka4 Qxb2 0-1

[Event "32nd NATO Championship 2022"]
[Site "Tartu"]
[Date "2022.06.29"]
[Round "4.32"]
[White "Steen, Kris"]
[Black "Ivbulis, Martins"]
[Result "1/2-1/2"]
[ECO "A17"]
[WhiteElo "1735"]
[BlackElo "1815"]
[Annotator "NA RC"]
[PlyCount "50"]
[EventDate "2022.06.27"]
[EventType "swiss"]
[EventCountry "EST"]
[SourceTitle "playchess.com"]
[Source "ChessBase"]
[SourceQuality "1"]
[TimeControl "5400+30"]

1. c4 e6 2. Nc3 d5 3. g3 Nf6 4. Bg2 a6 5. e3 dxc4 6. Qa4+ Bd7 7. Qxc4 Bc6 8. Nf3 Be7 9. O-O O-O 10. d4 b5 11. Qb3 Qc8 12. Bd2 $15 (12. Qd1 $11) 12... Qb7 13. Nh4 Bxg2 14. Nxg2 Nbd7 15. Rac1 c5 16. dxc5 Nxc5 17. Qd1 Rfd8 18. Qe2 b4 19. Nb1 Rac8 20. b3 h6 21. Rfd1 Nfe4 22. Be1 Ng5 23. Rc4 Rxd1 24. Qxd1 Rd8 25. Qg4 Nd3 1/2-1/2

[Event "32nd NATO Championship 2022"]
[Site "Tartu"]
[Date "2022.06.29"]
[Round "4.34"]
[White "Allmann, Lauri"]
[Black "Stuhr, Finn"]
[Result "0-1"]
[ECO "A30"]
[WhiteElo "1804"]
[BlackElo "1667"]
[Annotator "NA RC"]
[PlyCount "148"]
[EventDate "2022.06.27"]
[EventType "swiss"]
[EventCountry "EST"]
[SourceTitle "playchess.com"]
[Source "ChessBase"]
[SourceQuality "1"]
[TimeControl "5400+30"]

1. c4 c5 2. Nc3 Nf6 3. g3 g6 4. Bg2 Bg7 5. Nf3 Nc6 6. O-O b6 7. d4 cxd4 8. Nxd4 Bb7 9. e3 Na5 10. b3 Bxg2 11. Kxg2 O-O 12. Ba3 d6 13. Qf3 Qd7 14. Rfd1 Rac8 15. Rac1 Qb7 16. Rd2 Qxf3+ 17. Kxf3 a6 18. Na4 Nd7 19. Nc3 Nc6 20. Nd5 Rfe8 21. Bb2 Nce5+ 22. Ke2 e6 23. Nf4 (23. Nc3 $142) 23... Nc5 24. f3 Ned7 25. Nd3 (25. Nh3 $11 {should be considered.}) 25... Nxd3 26. Kxd3 e5 27. Ne2 e4+ 28. fxe4 Nc5+ 29. Kc2 Bxb2 ({Black should play} 29... Nxe4 $15 30. Rd5 b5) 30. Kxb2 Rxe4 31. Rxd6 Rxe3 32. Rc2 b5 (32... Nd3+ $11 33. Kb1 Ne1) 33. cxb5 axb5 34. Rd5 Na4+ 35. bxa4 Rxc2+ 36. Kxc2 Rxe2+ 37. Rd2 Rxd2+ 38. Kxd2 bxa4 39. Kc3 f5 40. Kb4 g5 41. Kc5 Kf7 42. Kd5 Kf6 43. h3 a3 44. g4 f4 45. Ke4 Ke6 46. h4 gxh4 47. Kxf4 Kd5 48. g5 Kd4 49. Kg4 Kc3 50. Kxh4 Kb2 51. Kh5 Kxa2 52. Kh6 Kb2 53. Kxh7 a2 54. g6 a1=Q 55. g7 Qh1+ 56. Kg6 Qd5 57. Kh7 Qh5+ 58. Kg8 Kc3 59. Kf8 Qf5+ 60. Ke7 Qg6 61. Kf8 Qf6+ 62. Kg8 Kd4 63. Kh7 Qf5+ 64. Kh6 Qg4 65. Kh7 Qh5+ 66. Kg8 Ke5 67. Kf8 Qf5+ 68. Ke8 Qg6+ 69. Kf8 Qf6+ 70. Kg8 Ke6 71. Kh7 Qh4+ 72. Kg8 Qg5 73. Kh7 Kf7 74. g8=B+ Qxg8+ 0-1

[Event "32nd NATO Championship 2022"]
[Site "Tartu"]
[Date "2022.06.29"]
[Round "4.41"]
[White "Ross, David C"]
[Black "Csizmadia, Csaba"]
[Result "1-0"]
[ECO "B40"]
[WhiteElo "1677"]
[BlackElo "1875"]
[Annotator "NA RC"]
[PlyCount "75"]
[EventDate "2022.06.27"]
[EventType "swiss"]
[EventCountry "EST"]
[SourceTitle "playchess.com"]
[Source "ChessBase"]
[SourceQuality "1"]
[TimeControl "5400+30"]

1. e4 c5 2. Nf3 e6 3. Bd3 Nc6 4. c3 g6 5. Bc2 Bg7 6. d4 cxd4 7. cxd4 d5 8. e5 Qb6 9. Nc3 Nge7 10. O-O Bd7 11. a3 Na5 (11... O-O $14) 12. Rb1 Rc8 13. Na4 (13. h4 $14) 13... Bxa4 14. Bxa4+ Nac6 15. Bf4 O-O 16. Qd2 Nf5 17. Bxc6 Rxc6 18. g4 Ne7 19. Bh6 Rfc8 20. Bxg7 Kxg7 21. Rbc1 {[%emt 0:00:00] [#]} Qb3 $1 22. Rxc6 Rxc6 23. Qf4 Ng8 24. Ng5 Rc7 25. h4 h6 26. Nf3 Qxb2 27. h5 Qxa3 $2 ({Black should play} 27... g5 $19 28. Qd2 Qxa3) 28. g5 $1 Qe7 29. Kg2 hxg5 30. Nxg5 Nh6 31. Rh1 Nf5 32. hxg6 Kxg6 33. Nf3 f6 34. Qg4+ Kf7 35. Rh7+ Ke8 36. Rxe7+ Rxe7 37. exf6 Rf7 38. Qg8+ 1-0

[Event "32nd NATO Championship 2022"]
[Site "Tartu"]
[Date "2022.06.29"]
[Round "4.42"]
[White "Korge, Kersti"]
[Black "Boudry, Rik"]
[Result "0-1"]
[ECO "A00"]
[WhiteElo "1864"]
[BlackElo "1464"]
[Annotator "NA RC"]
[PlyCount "36"]
[EventDate "2022.06.27"]
[EventType "swiss"]
[EventCountry "EST"]
[SourceTitle "playchess.com"]
[Source "ChessBase"]
[SourceQuality "1"]
[TimeControl "5400+30"]

1. b4 e5 2. Bb2 Bxb4 3. Bxe5 Nf6 4. c4 Nc6 5. Bb2 d6 6. e3 O-O 7. Nf3 Be6 8. Be2 Re8 9. O-O a6 10. d4 Bg4 11. Qb3 Ba5 12. Nc3 Rb8 13. c5 Na7 (13... dxc5 $11 14. dxc5 Qe7) 14. Ng5 d5 ({Less strong is} 14... Bxc3 15. Nxf7 Qe7 16. Nh6+ Kh8 17. Nxg4 Bxb2 18. cxd6 (18. Qxb2 dxc5 19. Nxf6 Qxf6 $16) 18... Qxd6 19. Qxb2 $16) (14... Qd7 $11 {remains equal.}) 15. Bxg4 Nxg4 (15... Bxc3 $14 16. Bxc3 Nxg4) 16. Qxd5 Re7 $2 (16... Qxd5 $16 {was necessary.} 17. Nxd5 c6) 17. Nxh7 $2 Bxc3 18. Bxc3 $19 Qxd5 0-1

[Event "32nd NATO Championship 2022"]
[Site "Tartu"]
[Date "2022.06.29"]
[Round "4.43"]
[White "Ntalampiras, Spyros"]
[Black "Steffers, Hendrik"]
[Result "1-0"]
[ECO "B42"]
[WhiteElo "1815"]
[BlackElo "1856"]
[Annotator "NA RC"]
[PlyCount "57"]
[EventDate "2022.06.27"]
[EventType "swiss"]
[EventCountry "EST"]
[SourceTitle "playchess.com"]
[Source "ChessBase"]
[SourceQuality "1"]
[TimeControl "5400+30"]

1. e4 c5 2. Nf3 e6 3. d4 cxd4 4. Nxd4 a6 5. Bd3 Nf6 6. Qe2 d6 7. O-O Qc7 8. c4 Be7 9. Nc3 O-O {[%emt 0:00:25] 9...Nbd7 might become the main line.} 10. f4 Nc6 11. Nxc6 bxc6 12. Be3 {[%emt 0:00:57] [#]} h5 $146 ({Predecessor:} 12... Rb8 13. Kh1 Qa5 14. a3 e5 15. b4 Qc7 16. f5 Bb7 17. Rac1 Qd8 18. Rcd1 a5 {0-1 (54) Srimathi,R (1914)-Bauyrzhan,A (2075) New Delhi 2019}) 13. h3 Bb7 14. g4 (14. Rad1 $16) 14... hxg4 (14... d5 $1 $14) 15. hxg4 g6 16. Rf2 (16. g5 $16 Nh5 17. Qh2) 16... Kg7 $2 (16... d5 $16 {was worth a try.}) 17. Raf1 Rh8 18. g5 Nd7 19. Bd4+ f6 20. Qg4 $2 (20. e5 $18 c5 21. exf6+ Bxf6 22. gxf6+ Nxf6 23. Bxf6+ Kxf6 {[#]} 24. Nd5+ $1 Bxd5 25. cxd5) 20... Kf7 $2 (20... c5 $1 $11 {and Black stays safe.} 21. Qxe6 Rae8) 21. gxf6 e5 22. fxe5 dxe5 23. fxe7+ Kxe7 24. Rf7+ Kd8 25. Be3 Qd6 26. Rd1 Bc8 27. Bc2 Qc7 28. Bg5+ Ke8 29. Qe6# 1-0

[Event "32nd NATO Championship 2022"]
[Site "Tartu"]
[Date "2022.06.29"]
[Round "4.45"]
[White "Echavarria Hidalgo, Fernando"]
[Black "Jansen, Lyle John"]
[Result "1-0"]
[ECO "C41"]
[WhiteElo "1749"]
[BlackElo "1470"]
[Annotator "NA RC"]
[PlyCount "89"]
[EventDate "2022.06.27"]
[EventType "swiss"]
[EventCountry "EST"]
[SourceTitle "playchess.com"]
[Source "ChessBase"]
[SourceQuality "1"]
[TimeControl "5400+30"]

1. e4 e5 2. Nf3 d6 3. d4 exd4 4. Nxd4 Nf6 5. Nc3 g6 6. Bg5 c6 7. Qd2 Bg7 8. Bh6 O-O 9. Bxg7 Kxg7 10. O-O-O b5 11. f3 Bd7 12. g4 b4 13. Nce2 c5 14. Nb3 Be6 15. Qxd6 Qxd6 16. Rxd6 Bxb3 17. axb3 a5 18. Nf4 h6 19. Bb5 Ne8 20. Rd5 Nc7 21. Rxc5 Nxb5 22. Rxb5 Nc6 23. Rd1 a4 24. bxa4 Rxa4 25. Rd7 Re8 26. Nd3 Ra1+ 27. Kd2 Rh1 28. h4 Rb8 29. Rxb8 Nxb8 30. Rb7 Nc6 31. Nxb4 Rh2+ 32. Kc3 Nxb4 33. Rxb4 Rxh4 34. Rd4 Kf6 35. b4 Kg5 36. b5 Rh3 37. Rd3 Kf4 38. b6 Rh1 39. Kb2 h5 40. b7 hxg4 41. b8=Q+ Kg5 42. Qg3 f5 43. exf5 gxf5 44. fxg4 fxg4 45. Rd5+ 1-0

[Event "32nd NATO Championship 2022"]
[Site "Tartu"]
[Date "2022.06.30"]
[Round "5.1"]
[White "Wang, Eigen"]
[Black "Pavlidis, Anastasios"]
[Result "0-1"]
[ECO "D30"]
[WhiteElo "2269"]
[BlackElo "2296"]
[Annotator "TA"]
[PlyCount "62"]
[EventDate "2022.06.27"]
[EventType "swiss"]
[EventCountry "EST"]
[SourceTitle "playchess.com"]
[Source "ChessBase"]
[SourceQuality "1"]
[TimeControl "5400+30"]

1. d4 d5 2. Nf3 e6 3. c4 h6 4. e3 Nf6 5. Nbd2 c5 6. dxc5 {[%emt 0:03:32] D30: Queen's Gambit Declined: Systems without Nc3.} Bxc5 7. a3 O-O {[%emt 0:03:55] [#]} 8. Be2 $146 {[%emt 0:03:04] The position is equal.} ({Predecessor:} 8. b4 Be7 9. Bb2 dxc4 10. Bxc4 Nbd7 11. O-O b6 12. Be2 Bb7 13. h3 Nd5 14. Rc1 {0-1 (42) Tyler,R-Herringer,M Victoria 2008}) 8... Re8 9. O-O e5 10. b4 Bd6 11. Bb2 a5 12. cxd5 e4 13. Nd4 axb4 14. Nc4 Bf8 15. d6 Bd7 16. axb4 Rxa1 17. Qxa1 (17. Bxa1 $142 b5 18. Na3 Bxd6 19. Ndc2 (19. Naxb5 Bxb4 20. Qc2 Qe7 $16)) 17... b5 $16 18. Na5 Bxd6 19. Rd1 (19. Bxb5 $2 Bxh2+ 20. Kh1 (20. Kxh2 Ng4+ 21. Kg1 Qh4 $19) 20... Bxb5 $19) ({White should play} 19. Nxb5 $16 Bxb4 20. Nb3) 19... Ng4 $1 $36 {[%emt 0:10:30][%mdl 2048] ...Qh4 is the strong threat. Black has good play.} 20. h3 {[%emt 0:03:50] [#]} (20. Nxb5 $2 Qh4 $1 21. Bxg4 Qxh2+ 22. Kf1 Bxg4 $19) (20. g3 $11 Qf6 21. Bxg4 Bxg4 22. Rd2) 20... Nxf2 $1 $17 21. Kxf2 Qh4+ $1 (21... Qg5 22. Bxb5 $1 Bg3+ 23. Kg1 Bxh3 24. gxh3 (24. Bxe8 $2 Bh2+ 25. Kf2 Qxg2+ 26. Ke1 Bg3#)) 22. Kf1 Bg3 {[%emt 0:03:47] [#]} (22... Bxh3 $1 $17 23. Nf5 (23. gxh3 $2 Qxh3+ 24. Ke1 Qxe3 $19) (23. Nxb5 Bxg2+ 24. Kxg2 Qh2+ 25. Kf1 Bg3 26. Bxg7 Qh1#) 23... Bxg2+ 24. Kxg2 Qg5+ 25. Kf1 (25. Kh1 $2 Qxf5 26. Rxd6 Qh3+ 27. Kg1 Qxe3+ 28. Kf1 Qf4+ 29. Kg2 Qxd6 $19) 25... Qxf5+ 26. Ke1 Qh3 $1 27. Rxd6 Qg3+ 28. Kd2 (28. Kf1 Qxd6 29. Qe1 Rc8 $17) 28... Qxd6+ 29. Bd4 Qxb4+ 30. Qc3 Qxc3+ 31. Kxc3 Rc8+ 32. Kb4 Na6+ 33. Kxb5 Nc7+ 34. Kb4 Ne6) 23. Bxb5 $2 (23. Nxb5 {is a self mate.} Bxh3 $1 24. Bc4 Bg4 25. Bxf7+ Kh7) (23. Nf5 $1 $11 Bxf5 24. Rd5 (24. Bxg7 $2 Bxh3 25. Bc4 Bg4 $19)) 23... Qf6+ $19 24. Kg1 $2 (24. Nf3 Qf5 25. Bd3 (25. Bxd7 $2 Nxd7 26. Kg1 exf3 $19)) 24... Qf2+ 25. Kh1 {[%emt 0:00:02] [#]} Bxh3 $1 26. Rg1 {[%emt 0:03:41] [#]} Re5 $1 27. Be2 {[%emt 0:01:04] [#] Inhibits Rh5.} Rg5 $1 28. Qf1 {[%emt 0:01:27] [#]} Bg4 $1 29. Bxg4 Rxg4 30. Nf5 {[%emt 0:00:52] Inhibits Rh4+.} Rg5 {[%emt 0:00:26] ( -> ...Rh5+)} 31. Qd1 {[%emt 0:01:37] Prevents Rh5+.} Qxf5 {[%emt 0:02:53] Weighted Error Value: White=0.68/Black=0.11 (very precise)} 0-1

[Event "32nd NATO Championship 2022"]
[Site "Tartu"]
[Date "2022.06.30"]
[Round "5.2"]
[White "Sycz, Dariusz"]
[Black "Papasimakopoulos, Alexandros"]
[Result "0-1"]
[ECO "E14"]
[WhiteElo "2189"]
[BlackElo "2259"]
[Annotator "TA"]
[PlyCount "76"]
[EventDate "2022.06.27"]
[EventType "swiss"]
[EventCountry "EST"]
[SourceTitle "playchess.com"]
[Source "ChessBase"]
[SourceQuality "1"]
[TimeControl "5400+30"]

1. d4 Nf6 2. Nf3 b6 3. c4 e6 4. e3 Bb7 5. Bd3 Be7 6. O-O c5 7. Nbd2 O-O 8. b3 cxd4 9. exd4 d5 10. Bb2 Nc6 11. Qe2 Nb4 12. Bb1 {[%emt 0:00:25] E14: Queen's Indian: Classical Variation (4 e3).} dxc4 13. bxc4 Rc8 14. a3 {[%emt 0:08:48] White has an edge.} Nc6 15. Bd3 Re8 {[%emt 0:00:14] [#]} 16. Rfd1 $146 ({Predecessor:} 16. Qe3 g6 17. Rad1 Qc7 18. Rfe1 Ng4 19. Qe2 Na5 20. h3 Nf6 21. Ne5 Nd7 22. Ng4 Bf8 23. d5 f5 24. dxe6 fxg4 25. Qxg4 {1-0 (33) Rakhmanov,A (2638)-Verstraeten,R (2379) Budva 2019}) 16... Bf8 17. Qe3 g6 18. Qf4 Bg7 19. Ng5 (19. Rac1 $15) 19... Qc7 20. Qh4 h6 21. Nge4 Nh5 22. Nf3 f5 23. Ng3 Nf4 {[%emt 0:01:46] ...g5 is the strong threat.} 24. Bc1 $2 {[%emt 0:10:35] [#] This costs White the game.} (24. Bf1 $17 {is a better chance.}) 24... Nxg2 $1 $19 25. Qh3 Nf4 26. Qh4 (26. Bxf4 {was the only chance.} Qxf4 27. Ne2) 26... g5 27. Bxf4 Qxf4 (27... gxh4 $2 {is the wrong capture.} 28. Bxc7 Nxd4 29. Nxd4 Bxd4 30. Bf4 $19) 28. Qxf4 gxf4 29. Ne2 Na5 30. Ne5 Nb3 31. Rab1 {[%emt 0:00:16] [#]} Nxd4 32. Nxd4 Bxe5 {[%emt 0:00:05][%cal Bg7e5,Be5c7,Bc7b8][%mdl 32] This bishop pair is nice.} 33. Nb5 (33. Be2 $142) 33... a6 {[%emt 0:02:19] Black is clearly winning.} 34. Re1 Rc5 35. Na7 Bc7 36. Rbd1 Bb8 37. Bb1 Kf7 38. Bxf5 Rxf5 {[%emt 0:00:21] Weighted Error Value: White=0.65/Black=0.19 (very precise)} 0-1